 Dungeon Crawl Stone Soup version 0.26-a0-537-g96b2eae49b (webtiles) character file.

Game seed: 10805244537861328756

13 MrRokkomies the Covered (level 2, -1/24 HPs)
             Began as a Demigod Wanderer on Aug 14, 2020.
             Slain by a worm (9 damage)
             ... on level 2 of the Dungeon.
             The game lasted 00:01:42 (1091 turns).

MrRokkomies the Covered (Demigod Wanderer)          Turns: 1091, Time: 00:01:43

Health: -1/24      AC:  5    Str: 16    XL:     2   Next: 12%
Magic:  4/4        EV: 11    Int: 13    God:
Gold:   52         SH:  0    Dex: 17    Spells: 1/1 levels left

rFire    . . .     SeeInvis .   a - +3 short sword
rCold    . . .     Faith    .   (no shield)
rNeg     . . .     Spirit   .   c - +0 ring mail
rPois    .         Reflect  .   (no helmet)
rElec    .         Harm     .   (no cloak)
rCorr    .                      (no gloves)
MR       .....                  (no boots)
Stlth    +.........             (no amulet)
HPRegen  0.08/turn              (no ring)
MPRegen  0.09/turn              (no ring)

@: no status effects
A: high mp 1
a: no special abilities


You were on level 2 of the Dungeon.
You visited 1 branch of the dungeon, and saw 2 of its levels.

You collected 52 gold pieces.

Inventory:

Hand Weapons
 a - a +3 short sword (weapon)
Armour
 c - a +0 ring mail (worn)
Scrolls
 d - a scroll of amnesia {unknown}
 h - a scroll of noise {unknown}
Potions
 b - a potion of curing
 e - 2 potions of resistance
 f - 3 potions of haste
 g - a potion of brilliance {unknown}
 i - a potion of degeneration {unknown}


   Skills:
 * Level 2.1 Fighting
 * Level 1.5 Short Blades
 - Level 1.0 Throwing
 - Level 2.6 Armour
 + Level 2.0 Dodging
   Level 1.0 Shields


You had one spell level left.
You didn't know any spells.
Your spell library was empty.

Dungeon Overview and Level Annotations

Branches:
Dungeon (2/15)


Innate Abilities, Weirdness & Mutations

You have an increased reservoir of magic. (+10% MP)


Message History

The worm bites you.
You are too injured to fight recklessly!
You are too injured to fight recklessly!
You are too injured to fight recklessly!
You are too injured to fight recklessly!
You are too injured to fight recklessly!
You hit the worm but do no damage.
The worm is lightly wounded.
You hit the worm.
The worm is moderately wounded.
The worm barely misses you.
You hit the worm.
The worm is heavily wounded.
The worm bites you.
You hit the worm.
The worm is severely wounded.
You hit the worm.
The worm is almost dead.
The worm bites you!
You die...

###..###.# #..#
#.# #..###.####..#
#.# #............#
#.# #.####.#####.#
#.# #.# #.# #.#
#.# #.# #.#####.#
#.# #.# #(......#
#.# ###
##################
#.# #.w@........#
#.#
#....########(#
#.# .##.#.. #.#
#.# ._# #..
#.#####.# . #..
#.......# #..
#######.# #.. #.#
#.. #.# #.#


You could see a worm.

Vanquished Creatures
  A leopard gecko (D:1)
  A giant cockroach (D:1)
  A hobgoblin (D:1)
  2 ball pythons (D:1)
  A bat (D:1)
  4 frilled lizards (D:1)
  2 kobolds (D:1)
  2 rats (D:1)
14 creatures vanquished.

Notes
Turn   | Place    | Note
-------+----------+-------------------------------------------
     0 | D:1      | MrRokkomies the Demigod Wanderer began the quest for the
                  | Orb.
     0 | D:1      | MrRokkomies set off with the following items: a +2 short
                  | sword, a potion of curing, a +0 ring mail
     0 | D:1      | Reached XP level 1. HP: 17/17 MP: 3/3
   464 | D:1      | Reached XP level 2. HP: 24/24 MP: 4/4
  1084 | D:2      | Found a shimmering blue altar of Sif Muna.
  1091 | D:2      | Slain by a worm

Illustrated notes

Levels and vault maps discovered:
D:1:      nagdon_arrival_double_spiral, layout_loops_ring
D:2:      layout_loops_ring, nicolae_overflow_hidden_temple, bh_walls_and_bars

Skill      XL: |  1  2 |
---------------+-------+-----
Fighting       | 2 |  2.1
Dodging        | 2 |  2.0
Short Blades   | |  1.5
Throwing       | |  1.0
Armour         | |  2.6
Shields        | |  1.0

Action                   || total
-------------------------++-------
Melee: Short sword       ||    38
  Use: Scroll            ||     5
Armor: Ring mail         ||    11
Dodge: Dodged            ||    20

Table legend: (Time is in decaauts)
 A = Elapsed time spent in this place.
 B = Non-inter-level travel time spent in this place.
 C = Inter-level travel time spent in this place.
 D = Time resting spent in this place.
 E = Time spent auto-exploring this place.
 F = Levels seen in this place.
 G = Mean time per level.
                   A        B        C        D        E       F      G
               +--------+--------+--------+--------+--------+-----+--------+
         Total |   1092 |   1041 |     51 |      0 |    948 |   2 |  546.0 |
       Dungeon |   1092 |   1041 |     51 |      0 |    948 |   2 |  546.0 |
               +--------+--------+--------+--------+--------+-----+--------+

Top non-repeatable levels by time:
     D:1: 965 daAuts
     D:2: 126 daAuts
